 Dungeon Crawl Stone Soup version 0.18-a0-1435-gee79d65 (webtiles) character file.

157 4thArraOfDagon the Insei (level 5, 0/41 HPs)
             Began as a Vampire Monk on Feb 28, 2016.
             Was a Priest of Dithmenos.
             Slain by a big kobold
             ... wielding a +0 club
              (2 damage)
             ... in a sewer.
             The game lasted 00:04:37 (853 turns).

4thArraOfDagon the Insei (Vampire Monk)              Turns: 853, Time: 00:04:37

Health: 0/41       AC:  6    Str: 10    XL:     5   Next: 15%
Magic:  5/5        EV: 16    Int: 18    God:    Dithmenos [***...]
Gold:   50         SH:  0    Dex: 22    Spells: 0 memorised, 4 levels left

rFire  . . .     SeeInvis +       - Unarmed
rCold  . . .     Gourm    .     f - +0 scale mail
rNeg   . . .     Faith    .     (no shield)
rPois  .         Spirit   .     (no helmet)
rElec  .         Dismiss  .     (no cloak)
rCorr  .         Reflect  .     (no gloves)
SustAt .         Harm     .     (no boots)
MR     .....                    (no amulet)
Stlth  ++++......               (no ring)
                                (no ring)

@: brilliant, agile, regenerating quickly, wreathed by umbra, not resistant to
hostile enchantments, stealthy
A: fangs 3, see invisible, unbreathing
a: Shadow Step, Renounce Religion


You were in a sewer.
You worshipped Dithmenos.
Dithmenos was most pleased with you.
You were very full.

You visited 1 branch of the dungeon, and saw 3 of its levels.
You also visited: Sewer.

You collected 50 gold pieces.

Inventory:

Armour
 f - a +0 scale mail (worn)
 h - a +0 helmet
Scrolls
 a - a scroll of blinking {unknown}
 b - a scroll of enchant weapon {unknown}
 d - a scroll of immolation {unknown}
 g - 4 scrolls of identify {unknown}
 i - 2 scrolls of enchant armour {unknown}
Potions
 c - a potion of cure mutation
 e - a potion of brilliance


   Skills:
 + Level 3.3 Fighting
 + Level 4.2 Dodging
 + Level 4.8 Stealth
 * Level 5.4 Unarmed Combat


You had 4 spell levels left.
You didn't know any spells.

Dungeon Overview and Level Annotations

Branches:
Dungeon (3/15)

Altars:
Dithmenos


Innate Abilities, Weirdness & Mutations

Your natural rate of healing is unusually fast.
You have razor-sharp teeth.
You have supernaturally acute eyesight.
You can survive without breathing.


Message History

* * * LOW HITPOINT WARNING * * *
Unknown command.
You barely miss the big kobold. You punch the big kobold.
The big kobold is severely wounded.
The kobold closely misses you.
The big kobold hits you but does no damage. x2
Unknown command.
You closely miss the big kobold.
The big kobold is severely wounded.
The kobold misses you. The big kobold completely misses you.
The big kobold misses you.
Unknown command.
You hit the big kobold.
The big kobold is almost dead.
The kobold hits you.
* * * LOW HITPOINT WARNING * * *
The big kobold hits you with a short sword.
* * * LOW HITPOINT WARNING * * *
The big kobold hits you with a club.
You die...

############
≈≈≈≈≈≈≈≈ ≈≈≈≈≈≈≈≈≈≈≈
≈≈≈≈≈≈≈ ≈≈≈≈≈≈≈≈≈
####### #######
#![#)!# #..#..#
#!...! ≈≈≈ #.....#
##...## ≈≈≈≈ ##...##
#..KKK#≈≈≈≈≈ #..†(.#
#..KK@#≈≈≈≈≈≈#..)..#
###'###≈≈≈≈≈≈###(###
#..(.≈≈≈≈≈≈≈≈≈≈..##
#...≈≈≈≈≈≈≈≈≈≈≈...#
#.....≈≈≈≈≈≈≈≈≈...#
#....≈≈≈≈≈≈≈≈≈....##
##.....≈≈≈≈≈≈≈.....#
#....#≈≈≈≈≈≈≈.....#
##..##≈≈≈≈≈≈≈≈....#


You could see 2 big kobolds and 3 kobolds.

Vanquished Creatures
  An orc wizard (D:3)
  Robin (D:3)
  3 river rats (Sewer)
  An ooze (Sewer)
  2 giant geckos
  7 orcs (D:3)
  4 ball pythons
  3 giant cockroaches (D:3)
  16 goblins
  5 hobgoblins
  2 jackals (D:3)
  5 kobolds
  A bat (D:2)
  3 giant newts
  25 rats
79 creatures vanquished.

Notes
Turn   | Place    | Note
--------------------------------------------------------------
     0 | D:1      | 4thArraOfDagon the Vampire Monk began the quest for the Orb.
     0 | D:1      | Reached XP level 1. HP: 17/17 MP: 1/1
   138 | D:2      | Reached XP level 2. HP: 20/23 MP: 2/2
   369 | D:3      | Reached XP level 3. HP: 13/28 MP: 3/3
   404 | D:3      | Found a shadowy altar of Dithmenos.
   406 | D:3      | Noticed Robin
   445 | D:3      | Became a worshipper of Dithmenos the Shadowed
   445 | D:3      | Reached * piety under Dithmenos
   445 | D:3      | Reached ** piety under Dithmenos
   489 | D:3      | Killed Robin
   489 | D:3      | Reached skill level 5 in Unarmed Combat
   557 | D:3      | Reached XP level 4. HP: 32/35 MP: 4/4
   599 | D:3      | Found a glowing drain.
   603 | Sewer    | Entered a sewer
   682 | Sewer    | Turgon: Very early altar!
   738 | Sewer    | Reached XP level 5. HP: 31/41 MP: 5/5
   782 | Sewer    | Reached *** piety under Dithmenos
   844 | Sewer    | HP: 1/41 [big kobold/short sword (5)]
   853 | Sewer    | HP: 2/41 [big kobold/short sword (4)]
   853 | Sewer    | Slain by a big kobold

Vault maps used:
D:1:      saegor_arrival_simple_b, serial_glass, glass_columns_a,
          glass_columns_a, item_on_display_a, feat_on_display
D:3:      gup_sewer_entry_bowl, nicolae_dithmenos_shadow_blocks, uniq_robin
Sewer:    sewer_minmay_treatment

Skill      XL: |  1  2  3 |
---------------+----------+-----
Fighting       | 3 |  3.3
Dodging        | 4 |  4.2
Unarmed Combat | 5 |  5.4
Stealth        | 4 |  4.8

Action                   |  1- 3 |  4- 6 || total
-------------------------+-------+-------++-------
Melee: Unarmed           |   155 |   131 ||   286
  Use: Potion            |     4 |     3 ||     7
 Stab: Sleeping          |     3 |       ||     3
  Eat: Corpse            |     9 |     3 ||    12
